 Dungeon Crawl Stone Soup version 0.32-a0-411-g744942f433 (webtiles) character file.

Game seed: 1615974621098381549

7060 pokeman the Eclecticist (level 10, -5/56 HPs)
             Began as a Deep Elf Hedge Wizard on Feb 21, 2024.
             Was a Believer of Vehumet.
             Slain by a hornet (12 damage)
             ... on level 9 of the Dungeon.
             The game lasted 00:25:15 (9146 turns).

pokeman the Eclecticist (Deep Elf Hedge Wizard)     Turns: 9146, Time: 00:25:16

Health: -5/56      AC:  7    Str:  7    XL:     10   Next: 83%
Magic:  31/31      EV: 12    Int: 24    God:    Vehumet [**....]
Gold:   314        SH:  0    Dex: 12    Spells: 31/39 levels left

rFire   + . .        z - +2 quarterstaff (chaos)
rCold   . . .        (shield currently unavailable)
rNeg    . . .        G - +0 leather armour {rF+}
rPois   +            H - +2 hat
rElec   .            A - +0 cloak
rCorr   +            (no gloves)
SInv    .            i - +0 pair of boots
Will    +....        v - amulet of magic regeneration
Stlth   ++           h - ring of resist corrosion
HPRegen 0.29/turn    E - ring of Departure {+Blink Fly rPois Dex-2}
MPRegen 0.62/turn

%: no passive effects
@: on blink cooldown, flying, slowed, very slow
A: no striking features
a: Renounce Religion, Evoke Blink


You were on level 9 of the Dungeon.
You worshipped Vehumet.
Vehumet was pleased with you.
You visited 2 branches of the dungeon, and saw 10 of its levels.

You collected 314 gold pieces.

Inventory:

Hand Weapons
 z - a +2 quarterstaff of chaos (weapon)
 J - a +1 demon whip of venom
Missiles
 c - 6 curare-tipped darts
Armour
 i - a +0 pair of boots (worn)
 o - a +0 buckler
 A - a +0 cloak (worn)
 C - a +1 ring mail of cold resistance
 G - a +0 leather armour of fire resistance (worn)
 H - a +2 hat (worn)
Jewellery
 f - an amulet of the acrobat
 h - a ring of resist corrosion (left hand)
 m - a ring of fire
 v - an amulet of magic regeneration (around neck)
 E - the ring of Departure (right hand) {+Blink Fly rPois Dex-2}
   (You found it on level 5 of the Dungeon)

   [ring of flight]

   Dex-2:     It affects your dexterity (-2).
   rPois:     It protects you from poison Fly: It grants you flight.
   +Blink:    It lets you blink.
Wands
 b - a wand of charming (16)
 u - a wand of roots (6)
 y - a wand of flame (13)
 I - a wand of mindburst (10)
Scrolls
 e - 6 scrolls of identify {unknown}
 g - a scroll of immolation {unknown}
 j - a scroll of butterflies {unknown}
 l - 3 scrolls of teleportation {unknown}
 n - 2 scrolls of fog {unknown}
 p - a scroll of amnesia {unknown}
 q - a scroll of fear {unknown}
 s - a scroll of noise {unknown}
 t - 2 scrolls of blinking {unknown}
 B - a scroll of enchant armour {unknown}
Potions
 a - a potion of heal wounds {unknown}
 d - a potion of magic
 k - 3 potions of curing
 r - 2 potions of resistance {unknown}
 w - 2 potions of ambrosia {unknown}
 x - 2 potions of cancellation {unknown}
 D - 2 potions of degeneration {unknown}
 F - 2 potions of might {unknown}
 K - 3 potions of mutation {unknown}


   Skills:
 + Level 3.0 Fighting
 - Level 4.0 Armour
 - Level 3.0 Dodging
 - Level 3.0 Stealth
 - Level 4.1 Shields
 * Level 15.4 Spellcasting
 + Level 9.1 Conjurations
 - Level 1.1 Summonings
 - Level 1.1 Translocations
 - Level 1.0 Air Magic
 - Level 1.0 Alchemy
 - Level 1.0 Evocations


You had 31 spell levels left.
You knew the following spells:

 Your Spells              Type           Power      Damage    Failure   Level
a - Magic Dart            Conj           100%       1d8       1%          1
b - Mephitic Cloud        Conj/Alch/Air  36%        N/A       2%          3
c - Call Imp              Summ           46%        N/A       4%          2
d - Blink                 Tloc           46%        N/A       4%          2

Your spell library contained the following spells:

 Spells                   Type           Power      Damage    Failure   Level
 Momentum Strike          Conj/Tloc      86%        3d10      1%          2
 Slow                     Hex            72%        N/A       4%          1
 Cigotuvi's Dreadful Rot  Necr/Alch/Air  42%        N/A       4%          2
 Sublimation of Blood     Necr           18%        N/A       7%          2
 Arcjolt                  Conj/Air       21%        1d31      16%         5
 Vhi's Electric Charge    Tloc/Air       46%        N/A       28%         4
 Summon Hydra             Summ           11%        N/A       100%        7
 Maxwell's Capacitive Co  Air            11%        ∞         100%        8


Dungeon Overview and Level Annotations

Branches:
Dungeon (9/15)             Temple (1/1) D:5            Lair (0/5) D:8
    Orc: D:9-12

Altars:
Ashenzari
Cheibriados
Dithmenos
Elyvilon
Fedhas
Gozag
Hepliaklqana
Kikubaaqudgha
Makhleb
Nemelex Xobeh
Okawaru
Qazlal
Ru
Sif Muna
Trog
Uskayaw
Vehumet
Wu Jian
Xom
Yredelemnul
Zin
The Shining One

Shops:
D:8 :

Annotations:
D:4 3 runed translucent doors, sdfx's ghost, amateur MDRe
D:7 2 transporters, Pokonic1's ghost, novice DsSh


Message History

You completely miss the wraith.
The wraith is lightly damaged.
Your cerulean imp hits the wraith but does no damage.
The wraith hits you.
Your cerulean imp hits the wraith but does no damage.
The wraith barely misses you.
Unknown command.
You hit the wraith but do no damage.
The wraith is lightly damaged.
Your cerulean imp hits the wraith but does no damage.
The wraith hits you. The wraith drains your vigour!
You feel as though you will be slow longer.
Your cerulean imp hits the wraith with a -2 spear.
The wraith misses you.
You hit the wraith but do no damage.
The wraith is moderately damaged.
Your cerulean imp hits the wraith but does no damage.
The wraith hits you!
Your cerulean imp misses the wraith.
The wraith hits you!
* * * LOW HITPOINT WARNING * * *
Unknown command.
Casting: Magic Dart (safe; 1% risk of failure)
Confirm with . or Enter, or press ? or * to list all spells.
You blink.
Your cerulean imp closely misses the wraith.
Your cerulean imp hits the wraith but does no damage.
Found a scroll labelled XATOGA BEPRIESH.
Your cerulean imp barely misses the wraith.
Found 16 gold pieces.
You feel ready to blink again.
Your cerulean imp hits the wraith but does no damage.
Your cerulean imp hits the wraith from afar with a -2 spear.
Casting: Blink (safe; 4% risk of failure)
Confirm with . or Enter, or press ? or * to list all spells.
You blink.
The wraith barely misses you.
Your cerulean imp hits the wraith but does no damage.
A hornet comes into view.
The hornet barely misses you.
Your cerulean imp hits the wraith but does no damage.
The hornet stings you!
You die...

#.##.............
.......<...#.#.#.
#.##..##...#... #
#..##..## #.#
####.##..##.(# .#
#...?..5.....# #
...###.#.....#
.....#W#.###.#
.......y@.# ...
......##..# .###
#...## #.... .#
#.. #.$..# ##
#.#### #.# #.#
..#


You could see a hornet, a wraith (strong, ally target) and a friendly cerulean
imp (summoned).

Vanquished Creatures
  Amaemon (D:8)
  Pikel (D:7)
  Maurice (D:8)
  An elephant (D:8)
  Joseph (D:7)
  2 komodo dragons (D:8)
  6 yaks (D:8)
  A steam dragon (D:8)
  Edmund (D:5)
  2 water moccasins
  2 sky beasts (D:7)
  2 ice beasts
  2 black bears
  An ogre (D:6)
  5 centaurs
  A kobold brigand (D:7)
  4 lemures (D:7)
  4 bullfrogs
  A scorpion (D:5)
  4 wights (D:6)
  5 killer bees (D:5)
  A howler monkey (D:8)
  Crazy Yiuf (D:4)
  A jelly (D:4)
  5 orc priests
  A hound (D:6)
  A sleepcap (D:6)
  4 iguanas
  Ijyb (D:4)
  Terence (D:2)
  8 orc wizards
  Natasha (thrice) (D:4)
  Robin (D:4)
  A gnoll (D:3)
  6 adders
  A white imp (D:6)
  2 ufetubi (D:7)
  4 dart slugs
  31 orcs
  8 endoplasms
  6 giant cockroaches
  6 goblins
  5 hobgoblins
  9 kobolds
  2 quokkas
  4 ball pythons
  8 bats
  4 frilled lizards
  2 rats (D:2)
175 creatures vanquished.

Vanquished Creatures (collateral kills)
  An orange demon (D:8)
  A killer bee (D:5)
2 creatures vanquished.

Grand Total: 177 creatures vanquished

Notes
Turn   | Place    | Note
-------+----------+-------------------------------------------
     0 | D:1      | pokeman the Deep Elf Hedge Wizard began the quest for the
                  | Orb.
     0 | D:1      | Reached XP level 1. HP: 10/10 MP: 7/7
   113 | D:1      | Reached XP level 2. HP: 15/15 MP: 6/9
   962 | D:2      | Reached skill level 5 in Spellcasting
   962 | D:2      | Reached XP level 3. HP: 20/20 MP: 3/11
   969 | D:2      | Learned a level 3 spell: Mephitic Cloud
   972 | D:2      | Learned a level 2 spell: Call Imp
   975 | D:2      | Learned a level 2 spell: Blink
  1068 | D:2      | Reached skill level 1 in Fighting
  1213 | D:2      | Noticed Terence
  1220 | D:2      | HP: 1/20 [Terence/+0 mace (11)]
  1320 | D:2      | Reached skill level 1 in Armour
  1477 | D:2      | Reached XP level 4. HP: 24/25 MP: 3/13
  1673 | D:2      | Found a broken altar of Ashenzari.
  2167 | D:3      | Reached skill level 6 in Spellcasting
  2167 | D:3      | Reached XP level 5. HP: 29/29 MP: 1/15
  3107 | D:4      | Noticed Natasha
  3122 | D:4      | Killed Natasha
  3204 | D:4      | Noticed Ijyb
  3205 | D:4      | Noticed Robin
  3249 | D:4      | Killed Ijyb
  3250 | D:4      | Reached skill level 1 in Air Magic
  3250 | D:4      | Reached skill level 1 in Alchemy
  3254 | D:4      | Noticed Natasha
  3255 | D:4      | Killed Robin
  3291 | D:4      | Killed Natasha
  3292 | D:4      | Reached skill level 1 in Shields
  3292 | D:4      | Reached XP level 6. HP: 33/34 MP: 14/17
  3394 | D:4      | Found a runed translucent gate.
  3395 | D:4      | Found a runed translucent gate.
  3396 | D:4      | Found a runed translucent gate.
  3425 | D:4      | Found a runed translucent door.
  3426 | D:4      | Noticed Crazy Yiuf
  3472 | D:4      | Reached skill level 7 in Spellcasting
  3563 | D:4      | Noticed Natasha
  3574 | D:4      | Killed Natasha
  3694 | D:4      | Noticed sdfx's ghost (amateur MDRe)
  3694 | D:4      | Noticed an ice beast
  3817 | D:4      | Killed Crazy Yiuf
  3818 | D:4      | Reached skill level 1 in Evocations
  3917 | D:5      | Entered Level 5 of the Dungeon
  3959 | D:5      | Noticed an ice beast
  3972 | D:5      | Killed an ice beast
  3973 | D:5      | Reached XP level 7. HP: 18/38 MP: 10/20
  4122 | D:5      | Reached skill level 8 in Spellcasting
  4154 | D:5      | Noticed Edmund
  4194 | D:5      | Killed Edmund
  4382 | D:5      | Identified the ring of Departure {+Blink Fly rPois Dex-2}
  4650 | D:5      | Found a staircase to the Ecumenical Temple.
  4659 | Temple   | Entered the Ecumenical Temple
  4669 | Temple   | Became a worshipper of Vehumet
  4685 | D:5      | Reached skill level 9 in Spellcasting
  4717 | D:5      | Reached XP level 8. HP: 39/43 MP: 14/23
  4723 | D:5      | Reached skill level 5 in Conjurations
  4986 | D:2      | Killed Terence
  5116 | D:6      | Reached skill level 10 in Spellcasting
  5579 | D:6      | Reached skill level 11 in Spellcasting
  5844 | D:6      | Reached * piety under Vehumet
  5844 | D:6      | Offered knowledge of Sandblast by Vehumet.
  6132 | D:6      | Reached XP level 9. HP: 50/50 MP: 23/26
  6541 | D:7      | Noticed Joseph
  6557 | D:7      | Killed Joseph
  6558 | D:7      | Reached skill level 12 in Spellcasting
  6668 | D:7      | Found a transporter.
  6668 | D:7      | Noticed Pokonic1's ghost (novice DsSh)
  6668 | D:7      | Noticed a moth of wrath
  6671 | D:7      | Found a bloodstained altar of Trog.
  6687 | D:7      | Found a transporter.
  6803 | D:7      | Noticed Pikel
  6843 | D:7      | Killed Pikel
  6844 | D:7      | Reached skill level 13 in Spellcasting
  7233 | D:8      | Found Lics's Book Shoppe.
  7247 | D:8      | Noticed Amaemon
  7251 | D:8      | Noticed an orange demon
  7279 | D:8      | Killed an orange demon
  7290 | D:8      | Killed Amaemon
  7291 | D:8      | Reached XP level 10. HP: 22/56 MP: 26/29
  7426 | D:8      | Identified the +4 whip of Kafron Keneo {venom, rCorr}
  7543 | D:8      | Noticed an elephant
  7580 | D:8      | Reached skill level 14 in Spellcasting
  7589 | D:8      | Killed an elephant
  7589 | D:8      | Reached ** piety under Vehumet
  7589 | D:8      | Offered knowledge of Momentum Strike by Vehumet.
  7939 | D:8      | Found a sacrificial altar of Ru.
  8024 | D:8      | Reached skill level 15 in Spellcasting
  8330 | D:8      | Found a broken altar of Ashenzari.
  8332 | D:8      | Found a shadowy altar of Dithmenos.
  8449 | D:8      | Found a staircase to the Lair.
  8568 | D:8      | Noticed Maurice
  8597 | D:8      | Killed Maurice
  9146 | D:9      | Slain by a hornet

Illustrated notes

Levels and vault maps discovered:
D:1:      nzn_arrival_water_spiral, layout_basic, st_stairs_1
D:2:      layout_basic, basic_altar, nicolae_half_adder, uniq_terence
D:3:      minmay_inner_zag, layout_loops_cross
D:4:      layout_cave_pools, gammafunk_ghost_icy, nicolae_goblin_pals,
          uniq_crazy_yiuf_cottage, uniq_natasha, uniq_ijyb
D:5:      layout_basic, minmay_temple_entry_overgrown,
          minmay_misc_feat_diagonals, uniq_edmund
D:6:      layout_loops_ring
D:7:      layout_basic, gammafunk_ghost_wrathful_warriors, uniq_joseph,
          uniq_pikel
D:8:      layout_layer_cave, nicolae_overflow_hidden_temple,
          nicolae_ru_great_annihilating_truth, grunt_lair_entry_orc_guard_hut,
          serial_shops, shop, uniq_maurice, uniq_amaemon
D:9:      layout_loops_ring
Temple:   hellmonk_temple_of_storms

Skill      XL: |  1  2  3  4  5  6  7  8  9 10 |
---------------+-------------------------------+-----
Spellcasting   | 5 6 7 9 11 13 15 | 15.4
Fighting       | 1 3 |  3.0
Armour         | 1 2 3 4 |  4.0
Conjurations   | 2 3 4 6 7 9 |  9.1
Dodging        | 3 |  3.0
Stealth        | 3 |  3.0
Air Magic      | 1 |  1.0
Alchemy        | 1 |  1.0
Shields        | 1 2 3 4 |  4.1
Evocations     | 1 |  1.0
Summonings     | |  1.1
Translocations | |  1.1

Action                     |  1- 3 |  4- 6 |  7- 9 | 10-12 || total
---------------------------+-------+-------+-------+-------++-------
  Melee: Dagger            |    13 |    11 |   139 |       ||   163
         Mace              |       |    54 |       |       ||    54
         Quarterstaff      |       |       |    13 |     6 ||    19
         Demon whip        |       |       |       |    95 ||    95
   Cast: Magic Dart        |    63 |    98 |   156 |    51 ||   368
         Mephitic Cloud    |     1 |     8 |    38 |    16 ||    63
         Call Imp          |     1 |     2 |     9 |     2 ||    14
         Blink             |       |       |     4 |     2 ||     6
  Evoke: Wand              |       |       |     7 |       ||     7
    Use: Potion            |       |       |     1 |       ||     1
   Stab: Confused          |       |     8 |    19 |     4 ||    31
         Distracted        |       |     1 |       |     1 ||     2
 Armour: Robe              |     6 |    27 |    16 |       ||    49
         Leather armour    |       |       |    73 |    49 ||   122
  Dodge: Dodged            |    14 |    43 |    96 |    61 ||   214

Table legend: (Time is in decaauts)
 A = Elapsed time spent in this place.
 B = Non-inter-level travel time spent in this place.
 C = Inter-level travel time spent in this place.
 D = Time resting spent in this place.
 E = Time spent auto-exploring this place.
 F = Levels seen in this place.
 G = Mean time per level.
                   A        B        C        D        E       F      G
               +--------+--------+--------+--------+--------+-----+--------+
         Total |   9188 |   8854 |    334 |    432 |   6868 |  10 |  918.8 |
       Dungeon |   9167 |   8842 |    325 |    432 |   6868 |   9 | 1018.6 |
        Temple |     20 |     11 |      9 |      0 |      0 |   1 |   20.0 |
               +--------+--------+--------+--------+--------+-----+--------+

Top non-repeatable levels by time:
     D:8: 1897 daAuts
     D:6: 1273 daAuts
     D:3: 1150 daAuts
     D:2: 1136 daAuts
     D:5: 1071 daAuts
     D:4: 916 daAuts
     D:1: 857 daAuts
     D:7: 833 daAuts
     D:9: 31 daAuts
  Temple: 20 daAuts
